 Dungeon Crawl Stone Soup version 0.32-a0-35-gd9ff480968 (webtiles) character file.

Game seed: 7131751394307848956

237378 Mesmaeker13 the Convoker (level 19, -23/201 HPs)
             Began as an Oni Hedge Wizard on Jan 13, 2024.
             Was an Initiate of Gozag.
             Killed by the raging water
             ... invoked by a water nymph
              (29 damage)
             ... on level 4 of the Shoals on Jan 21, 2024.
             The game lasted 03:03:17 (45382 turns).

Mesmaeker13 the Convoker (Oni Hedge Wizard)        Turns: 45382, Time: 03:03:18

Health: -23/201    AC: 14    Str: 18    XL:     19   Next: 68%
Magic:  13/38      EV: 14    Int: 27    God:    Gozag
Gold:   7250       SH: 17    Dex:  6    Spells: 22/48 levels left

rFire   + . .        h - +6 spear "Wieck" {drain, rC++ Will+ Dex-3 Stlth+}
rCold   + + .        n - +2 tower shield {AC+3}
rNeg    + . .        L - +2 robe {Will+}
rPois   +            P - +3 crown of Dyrovepreva {rElec Int+2 SInv}
rElec   +            B - +2 ratskin cloak {*Rats rPois rN+ Str-1 Int-1 Dex+1}
rCorr   .            (gloves unavailable)
SInv    +            (boots unavailable)
Will    +++..        m - amulet "Pyguxte Bifu" {RegenMP Int+5}
Stlth   ++           s - +5 ring of evasion
HPRegen 0.53/turn    o - ring of protection from fire
MPRegen 0.66/turn

%: no passive effects
@: gold aura, hasted, very quick
A: large, unfitting armour, horns 1, tough skin 1, double potion healing,
drunken brawling
}: 1/15 runes: serpentine
a: Renounce Religion, Potion Petition, Call Merchant, Bribe Branch


You were on level 4 of the Shoals.
You worshipped Gozag.
Gozag was greatly pleased with you.
You visited 6 branches of the dungeon, and saw 31 of its levels.

You collected 13095 gold pieces.
You spent 4506 gold pieces at shops.
You paid 1339 gold pieces to Gozag.

Inventory:

Hand Weapons
 h - the +6 spear "Wieck" (weapon) {drain, rC++ Will+ Dex-3 Stlth+}
   (You took it off a tengu conjurer on level 15 of the Dungeon)

   Dex-3:     It affects your dexterity (-3).
   rC++:      It greatly protects you from cold.
   Will+:     It increases your willpower.
   Stlth+:    It makes you more stealthy.
 K - the +6 shillelagh "Devastator" {shatter}
   (You found it on level 8 of the Dungeon)
Missiles
 a - 8 throwing nets
 I - 7 curare-tipped darts
Armour
 c - the +0 hat of Vechub {rF+ Int+6}
   (You acquired it on level 2 of the Snake Pit)

   Int+6:     It affects your intelligence (+6).
   rF+:       It protects you from fire.
 n - a +2 tower shield of protection (worn)
 B - the +2 ratskin cloak (worn) {*Rats rPois rN+ Str-1 Int-1 Dex+1}
   (You found it on level 5 of the Dungeon)

   *Rats:     When the wearer is hurt, rats may emerge from it to assist them.
   Str-1:     It affects your strength (-1).
   Int-1:     It affects your intelligence (-1).
   Dex+1:     It affects your dexterity (+1).
   rPois:     It protects you from poison rN+: It protects you from negative
   energy.
 C - a +1 cloak
 L - a +2 robe of willpower (worn)
 P - the +3 crown of Dyrovepreva (worn) {rElec Int+2 SInv}
   (You found it on level 14 of the Dungeon)

   Int+2:     It affects your intelligence (+2).
   rElec:     It insulates you from electricity.
   SInv:      It lets you see invisible.
Jewellery
 b - the ring "Ybloafur" {Wiz rC+ Str+3 Int+3}
   (You bought it in a shop on level 2 of the Orcish Mines)

   [ring of wizardry]

   Wiz:       It improves your spell success rate.
   Str+3:     It affects your strength (+3).
   Int+3:     It affects your intelligence (+3).
   rC+:       It protects you from cold.
 m - the amulet "Pyguxte Bifu" (around neck) {RegenMP Int+5}
   (You bought it in a shop on level 1 of the Snake Pit)

   [amulet of magic regeneration]

   RegenMP:   It increases your rate of magic regeneration.
   Int+5:     It affects your intelligence (+5).
 o - a ring of protection from fire (right hand)
 s - a +5 ring of evasion (left hand)
 G - an amulet of regeneration
 H - a ring of protection from cold
Wands
 F - a wand of roots (17)
 O - a wand of digging (7)
Scrolls
 e - 4 scrolls of fog
 f - a scroll of fear
 k - a scroll of blinking
 l - 2 scrolls of summoning
 q - 8 scrolls of teleportation
 w - 2 scrolls of poison
 y - 3 scrolls of enchant weapon
 E - 3 scrolls of revelation
Potions
 d - 6 potions of magic
 g - a potion of enlightenment
 i - 3 potions of attraction
 j - 3 potions of curing
 p - a potion of cancellation
 r - a potion of haste
 t - 7 potions of brilliance
 u - 2 potions of heal wounds
 z - 8 potions of mutation
 A - 2 potions of might
 Q - 5 potions of lignification
Miscellaneous
 v - a lightning rod (4/4)
 N - a sack of spiders


   Skills:
 - Level 15.0 Fighting
 + Level 4.7 Polearms
 - Level 10.4 Dodging
 - Level 1.4 Stealth
 + Level 13.1 Shields
 - Level 15.2 Spellcasting
 - Level 3.5 Conjurations
 + Level 16.9 Summonings
 - Level 12.0 Translocations
 - Level 6.0 Ice Magic
 - Level 10.1 Air Magic
 - Level 6.4 Alchemy


You had 22 spell levels left.
You knew the following spells:

 Your Spells              Type           Power      Damage    Failure   Level
a - Summon Hydra          Summ           42%        N/A       8%          7
b - Ozocubu's Armour      Ice            52%        N/A       2%          3
c - Summon Lightning Spi  Summ/Air       76%        N/A       1%          4
d - Mephitic Cloud        Conj/Alch/Air  54%        N/A       1%          3
e - Summon Forest         Summ/Tloc      39%        N/A       1%          5
f - Airstrike             Air            33%        2d(5-21)  1%          4

Your spell library contained the following spells:

 Spells                   Type           Power      Damage    Failure   Level
 Summon Small Mammal      Summ           100%       N/A       0%          1
 Call Imp                 Summ           100%       N/A       0%          2
 Shock                    Conj/Air       100%       1d9       1%          1
 Sting                    Conj/Alch      100%       1d9       1%          1
 Blink                    Tloc           100%       N/A       1%          2
 Cigotuvi's Dreadful Rot  Necr/Alch/Air  100%       N/A       1%          2
 Mercury Vapours          Alch/Air       100%       N/A       1%          2
 Static Discharge         Conj/Air       100%       3-8/arc   1%          2
 Call Canine Familiar     Summ           84%        N/A       1%          3
 Summon Ice Beast         Ice/Summ       70%        N/A       1%          3
 Swiftness                Air            66%        N/A       1%          3
 Manifold Assault         Tloc           71%        N/A       1%          4
 Vhi's Electric Charge    Tloc/Air       100%       N/A       1%          4
 Magic Dart               Conj           100%       1d8       2%          1
 Frozen Ramparts          Ice            100%       1d16      2%          3
 Volatile Blastmotes      Fire/Tloc      100%       2d18      2%          3
 Animate Armour           Summ/Erth      100%       N/A       2%          4
 Martyr's Knell           Necr/Summ      60%        N/A       2%          4
 Summon Blazeheart Golem  Fire/Summ      60%        N/A       2%          4
 Kiss of Death            Conj/Necr      100%       2d13      4%          1
 Hailstorm                Conj/Ice       46%        3d10      4%          3
 Olgreb's Toxic Radiance  Alch           53%        N/A       7%          4
 Summon Mana Viper        Hex/Summ       60%        N/A       8%          5
 Slow                     Hex            80%        N/A       10%         1
 Jinxbite                 Hex            40%        N/A       14%         2
 Sublimation of Blood     Necr           20%        N/A       14%         2
 Dazzling Flash           Conj/Hex       58%        N/A       14%         3
 Arcjolt                  Conj/Air       27%        1d37      16%         5
 Freezing Cloud           Conj/Ice/Air   27%        6-21      17%         5
 Ignite Poison            Fire/Alch      37%        N/A       24%         4
 Leda's Liquefaction      Alch/Erth      18%        N/A       24%         4
 Petrify                  Alch/Erth      37%        N/A       24%         4
 Confusing Touch          Hex            20%        N/A       28%         3
 Fugue of the Fallen      Necr           20%        N/A       28%         3
 Sigil of Binding         Hex            20%        N/A       28%         3
 Vampiric Draining        Necr           20%        2d7       28%         3
 Brom's Barrelling Bould  Conj/Erth      29%        2d5       41%         4
 Iskenderun's Battlesphe  Conj           39%        2d9       52%         5
 Yara's Violent Unravell  Hex/Alch       18%        3d9       56%         5
 Metabolic Englaciation   Hex/Ice        18%        N/A       58%         5
 Conjure Ball Lightning   Conj/Air       27%        3x3d8     65%         6
 Cause Fear               Hex            10%        N/A       67%         4
 Dispel Undead            Necr           20%        3d11      67%         4
 Fireball                 Conj/Fire      14%        3d8       77%         5
 Plasma Beam              Fire/Air       23%        2x1d35    87%         6
 Borgnjor's Vile Clutch   Necr/Erth      10%        N/A       95%         5
 Lee's Rapid Deconstruct  Erth           10%        3d8*      95%         5
 Disjunction              Tloc           35%        N/A       99%         8
 Death Channel            Necr           10%        N/A       100%        6
 Starburst                Conj/Fire      14%        6d6       100%        6
 Enfeeble                 Hex            10%        N/A       100%        7
 Orb of Destruction       Conj           19%        9d8       100%        7
 Discord                  Hex            10%        N/A       100%        8
 Maxwell's Capacitive Co  Air            33%        ∞         100%        8
 Dragon's Call            Summ           42%        N/A       100%        9
 Animate Dead             Necr           Unusable   N/A       N/A         4

Dungeon Overview and Level Annotations

Branches:
Dungeon (15/15)            Temple (1/1) D:5            Lair (5/5) D:8
 Shoals (4/4) Lair:2        Snake (4/4) Lair:3        Slime (0/5) Lair:5
    Orc (2/2) D:10            Elf (0/3) Orc:2        Vaults (0/5) D:14
 Depths (0/4) D:15

Altars:
Ashenzari
Cheibriados
Dithmenos
Elyvilon
Fedhas
Gozag
Hepliaklqana
Kikubaaqudgha
Makhleb
Nemelex Xobeh
Okawaru
Qazlal
Ru
Sif Muna
Trog
Uskayaw
Vehumet
Wu Jian
Xom
Yredelemnul
Zin
The Shining One
Jiyva

Shops:
D:1 [   D:6 :   D:11 !   D:15 :   Orc:2 *(=*?   Lair:4 [   Shoals:3 [
Snake:1 *=[?=   Snake:4 :((:(

Portals:
Pandemonium: Orc:2

Annotations:
D:8 3 runed translucent doors, Melkor's ghost, novice GrEE
D:14 3 runed translucent doors, Koneso's ghost, journeyman DjCj
Lair:1 1 runed translucent door, Juexoadu's ghost, journeyman BaFi
Shoals:2 2 transporters, Fubbytz's ghost, journeyman SpEn
Orc:2 1 exclusion


Innate Abilities, Weirdness & Mutations

You are too large for most types of armour.
You have a pair of small horns on your head.
You have tough skin. (AC +1)
You gain doubled healing and magic from potions.
Whenever you drink a healing potion, you attack all around you.


Message History

Your five-headed hydra bites the merfolk!!
Your five-headed hydra bites the merfolk.
Your five-headed hydra bites the merfolk!
The merfolk dies!
You hear a splash.
You are too injured to fight recklessly!
You puncture the water nymph! You drain the water nymph.
The water nymph is moderately wounded.
The water nymph points at you and mumbles some strange words.
The water swirls and strikes you! The water nymph touches you.
The water nymph drowns you!
Your five-headed hydra bites the water nymph!
Your five-headed hydra misses the water nymph.
Your five-headed hydra bites the water nymph.
Your five-headed hydra bites the water nymph!
Your five-headed hydra bites the water nymph.
The water nymph gestures at you while chanting.
The water swirls and strikes you!!!
* * * LOW HITPOINT WARNING * * *
A river rat scurries out from under your cloak.
You miss the water nymph. Your headbutt misses the water nymph.
The water nymph is almost dead.
You hear an eerie melody.
The water nymph points at you and mumbles some strange words.
The water swirls and strikes you!!
* * * LOW HITPOINT WARNING * * *
Your five-headed hydra bites the water nymph.
The water nymph dies!
You hear a haunting song.
There is a large open door here.
You feel yourself speed up.
The water nymph flows with the water.
The water nymph's watery aura covers the large open door.
Splash!
You fall into the shallow water.
The water nymph's watery aura covers the open door.
You hear an eerie melody.
The water nymph gestures at you while chanting.
The water swirls and strikes you!!
You die...
Your body crumbles into a pile of gold.

~~~~*#...'~~~~~~#*,,,,,,~~~~~~~,~
~~~~*#...#####~~#*,,,~~~~~*,,*~~~
~~~~*#..##~~##~~#*,~~~~~*~~,****~
~~~~*#..#~~<~#~~#*,,~~~~~~~~~~~~~
~~~~*#~~#~~~~#~~#*,,,,,*,~~~~~~~~
~~~~*#..~~~~##''#*8,,,,,,,,,,,,,,
~~~~*#..~~###..~###########m,****
~~~~*#.~.......m~.$.D~m~~~~~,,,,,
~~~~*#8....~..~~@..r.~~~~~~~,,,,,
~~~~*#######################*****
~~~~*****************************
~~~~~~~~~~~~~~~~~~~~~~~~~~~~~~~~~
~~~~~~~~~~~~~~~~~~~~~~~~~~~~~~~~~
~~~~~~~~~~~~~~~~~~~~~~~~~~~~~~~~~
~~~~~~~~~~~~~~~~~~~~~~~~~~~~~~~~~
~~~~~~~~~~~~~~~~~~~~~~~~~~~~~~~~~
~~~~~~~~~~~~~~~~~~~~~~~~~~~~~~~~~


You could see 2 water nymphs, a friendly five-headed hydra (summoned) and a
friendly river rat.

Vanquished Creatures
  An ironbound preserver (D:14)
  A vampire knight (D:14)
  3 merfolk javelineers
  A merfolk impaler (Shoals:2)
  A hydra (Lair:2)
  A merfolk avatar (Shoals:3)
  2 centaur warriors
  3 anacondas
  2 merfolk aquamancers (Shoals:3)
  A two-headed ogre (D:11)
  A deep troll earth mage (D:15)
  A death yak (Lair:4)
  2 orc high priests (Orc:2)
  A deep troll shaman (Lair:5)
  2 naga sharpshooters (Snake:1)
  3 naga warriors
  Urug (D:12)
  A skyshark (Lair:2)
  A salamander mystic (Snake:3)
  A sea snake (Snake:4)
  Lodul (D:11)
  A naga ritualist (Snake:1)
  3 mana vipers (Snake:1)
  3 harpies
  A lindwurm (Lair:4)
  A deep elf zephyrmancer (D:10)
  A manticore (D:14)
  2 cyclopes
  3 fauns
  4 salamanders
  2 merfolk sirens (Shoals:2)
  13 black mambas
  A guardian serpent (Snake:4)
  3 naga magi
  A water nymph (Shoals:3)
  9 elephants
  An unseen horror (D:10)
  A torpor snail (Lair:4)
  A freezing wraith (D:14)
  4 komodo dragons
  A troll (D:9)
  5 merfolk
  2 polar bears (Lair:5)
  3 wind drakes
  A snapping turtle (Shoals:4)
  2 dream sheep (Shoals:2)
  4 blink frogs
  3 slime creatures
  2 centaur simulacra (D:14)
  Sigmund (D:3)
  A shadow (D:11)
  A vampire (D:10)
  2 nameless horrors
  A warg (Orc:1)
  A wyvern (Lair:4)
  2 wraiths
  A basilisk (Lair:3)
  6 yaks
  A steam dragon (D:8)
  3 vampire mosquitoes (D:12)
  5 water elementals
  A fire elemental (Lair:4)
  5 nagas
  2 acid dragons
  5 water moccasins
  A hell hound (D:14)
  3 black bears (D:8)
  3 orc warriors
  A laughing skull (D:13)
  A swamp drake (D:10)
  7 wolves
  4 ogres
  5 centaurs
  A phantom (D:5)
  A kobold brigand (D:7)
  2 scorpions
  7 bullfrogs
  A deep troll simulacrum (D:14)
  8 wights
  A howler monkey (D:12)
  An electric eel (D:9)
  Crazy Yiuf (D:5)
  4 orc priests
  2 hounds
  A sleepcap (D:6)
  3 iguanas
  7 orc wizards
  Terence (D:2)
  7 gnolls
  7 adders
  6 shadow imps
  4 white imps (D:5)
  4 ufetubi (D:5)
  A ribbon worm (D:2)
  41 orcs
  6 endoplasms
  4 giant cockroaches
  6 goblins
  5 hobgoblins
  2 jackals
  12 kobolds
  4 quokkas
  7 ball pythons
  8 bats
  3 frilled lizards
  10 rats
  A spectral kobold (D:4)
351 creatures vanquished.

Vanquished Creatures (collateral kills)
  Mara (Snake:4)
  Nikola (Shoals:3)
  Mlioglotl (Snake:1)
  Aizul (Snake:1)
  Kirke (D:15)
  Roxanne (D:15)
  5 nagarajas (Snake:4)
  Ilsuiw (Shoals:2)
  Louise (Shoals:2)
  A merfolk javelineer (Shoals:4)
  5 merfolk impalers
  Josephine (D:15)
  An entropy weaver (shapeshifter) (D:14)
  Erolcha (Orc:1)
  6 hydras
  A catoblepas (Lair:5)
  12 anacondas
  An ogre mage (D:15)
  A merfolk avatar (Shoals:2)
  An alligator snapping turtle (Shoals:3)
  2 two-headed ogres
  6 centaur warriors
  A demonspawn (Orc:2)
  5 boulder beetles
  4 merfolk aquamancers
  12 death yaks
  A satyr (Shoals:2)
  7 tengu warriors
  3 orc high priests
  11 naga sharpshooters
  14 naga warriors
  4 shock serpents
  A sun demon (Orc:1)
  3 salamander mystics
  A skyshark (Lair:5)
  7 skeletal warriors
  14 sea snakes
  15 mana vipers
  11 naga ritualists
  6 orc knights
  4 necromancers (D:14)
  19 harpies
  2 deep elf pyromancers
  17 manticores
  8 orc sorcerers
  5 ugly things
  8 fauns
  7 cyclopes
  8 merfolk sirens
  5 salamanders
  A spectral ice dragon (D:14)
  12 elephants
  2 centaur zombies (D:14)
  14 naga magi
  4 kobold blastminers
  8 guardian serpents
  2 water nymphs (Shoals:4)
  41 black mambas
  A gargoyle (D:12)
  A torpor snail (Lair:2)
  7 cane toads
  A centaur skeleton (D:14)
  5 komodo dragons
  4 rime drakes
  11 freezing wraiths
  An ice devil (Orc:2)
  3 tengu conjurers
  17 merfolk
  A wolf spider simulacrum (D:14)
  2 trolls (shapeshifter)
  5 wind drakes
  A hornet (D:8)
  15 blink frogs
  A harpy skeleton (D:14)
  4 snapping turtles
  A spectral meliai (D:14)
  A centaur simulacrum (D:14)
  4 dream sheep
  11 slime creatures
  4 air elementals
  3 wyverns
  9 nameless horrors
  3 vampires
  3 basilisks
  17 water elementals
  2 shadows (D:12)
  7 wraiths
  34 yaks
  A hog (D:15)
  A neqoxec (Orc:2)
  4 wargs
  2 steam dragons
  15 vampire mosquitoes
  33 nagas
  15 water moccasins
  5 hell hounds (D:14)
  30 orc warriors
  2 meliai simulacra
  An ice beast (D:7)
  A black bear (Lair:5)
  4 laughing skulls
  2 ice dragon simulacra (D:14)
  4 ogres
  10 centaurs
  10 wolves
  5 boggarts (D:14)
  A kobold brigand (D:8)
  2 gnoll sergeants
  A scorpion (D:5)
  3 bullfrogs
  4 wights (D:8)
  5 killer bees (D:9)
  2 howler monkeys (D:12)
  A crimson imp (D:10)
  A lava snake (Lair:4)
  A bombardier beetle (D:5)
  A gnoll bouda (D:7)
  18 orc priests
  An iron imp (D:10)
  A spectral boggart (D:14)
  2 sleepcaps (D:7)
  A boggart zombie (D:14)
  An iguana (D:7)
  11 orc wizards
  13 gnolls
  A shadow imp (D:10)
  A white imp (D:10)
  44 orcs
  A jackal (D:2)
  3 kobolds
  A snaplasher vine (Snake:1)
784 creatures vanquished.

Vanquished Creatures (others)
  A sea snake (Shoals:4)
  2 harpies (Shoals:4)
  4 humans (D:15)
  An orc wizard (D:10)
  An orc (D:10)
  22 snaplasher vines
31 creatures vanquished.

Grand Total: 1166 creatures vanquished

Notes
Turn   | Place    | Note
-------+----------+-------------------------------------------
     0 | D:1      | Mesmaeker13 the Oni Hedge Wizard began the quest for the
                  | Orb.
     0 | D:1      | Reached XP level 1. HP: 16/16 MP: 5/5
    79 | D:1      | Found Voenoox's Antique Armour Shop.
    87 | D:1      | Reached skill level 1 in Conjurations
   279 | D:1      | Reached XP level 2. HP: 24/24 MP: 0/6
  1029 | D:1      | Learned a level 2 spell: Call Imp
  1047 | D:2      | Noticed Terence
  1133 | D:2      | Reached skill level 1 in Summonings
  1133 | D:2      | Reached XP level 3. HP: 31/31 MP: 2/8
  1209 | D:2      | Killed Terence
  1702 | D:2      | Reached XP level 4. HP: 39/39 MP: 7/10
  1986 | D:1      | Bought a glowing robe for 81 gold pieces
  2055 | D:2      | Upgraded the game from 0.32-a0-5-gbffa963729 to
                  | 0.32-a0-19-g28bc0835a1
  2396 | D:3      | Found a basalt altar of Yredelemnul.
  2562 | D:3      | Found a radiant altar of Vehumet.
  2676 | D:3      | Learned a level 4 spell: Summon Lightning Spire
  2708 | D:3      | Reached XP level 5. HP: 28/45 MP: 11/11
  2996 | D:3      | Noticed Sigmund
  3166 | D:4      | Reached skill level 2 in Summonings
  3359 | D:4      | Reached skill level 1 in Air Magic
  3406 | D:4      | Found a sacrificial altar of Ru.
  3413 | D:4      | Found an iron altar of Okawaru.
  3477 | D:4      | Found a hazy altar of Hepliaklqana.
  3667 | D:4      | Reached XP level 6. HP: 52/53 MP: 12/12
  3947 | D:4      | Found a shimmering altar of Xom.
  4203 | D:5      | Entered Level 5 of the Dungeon
  4397 | D:5      | Found a staircase to the Ecumenical Temple.
  4402 | Temple   | Entered the Ecumenical Temple
  4415 | Temple   | Became a worshipper of Gozag Ym Sagoz the Greedy
  4507 | D:5      | Found a runed translucent door.
  4508 | D:5      | Noticed Crazy Yiuf
  4549 | D:5      | Reached XP level 7. HP: 40/59 MP: 13/13
  4665 | D:5      | Reached skill level 3 in Summonings
  4745 | D:5      | Found the +2 ratskin cloak {*Rats rPois rN+ Str-1 Int-1
                  | Dex+1}
  5666 | D:3      | Killed Sigmund
  5831 | D:5      | Killed Crazy Yiuf
  6058 | D:6      | Reached XP level 8. HP: 67/67 MP: 14/14
  6142 | D:6      | Reached skill level 4 in Summonings
  6300 | D:6      | Found Lorana's Tiny Tomes.
  6414 | D:6      | You fall into a shaft and drop 2 floors!
  6537 | D:8      | Reached skill level 5 in Dodging
  6696 | D:8      | Reached skill level 5 in Summonings
  6710 | D:8      | Noticed a wyvern
  6857 | D:8      | Reached XP level 9. HP: 47/74 MP: 15/15
  6881 | D:8      | Noticed a hornet
  6987 | D:6      | Reached skill level 5 in Air Magic
  7708 | D:7      | Reached skill level 6 in Summonings
  8339 | D:8      | Reached XP level 10. HP: 71/81 MP: 13/16
  8416 | D:8      | Reached skill level 7 in Summonings
  8448 | D:8      | Found a staircase to the Lair.
  8538 | D:8      | Learned a level 3 spell: Mephitic Cloud
  8558 | D:8      | Found the +6 shillelagh "Devastator" {shatter}
  8989 | D:8      | Found a runed translucent gate.
  8990 | D:8      | Found a runed translucent gate.
  8992 | D:8      | Found a runed translucent gate.
  8994 | D:8      | Noticed Melkor's ghost (novice GrEE)
  9545 | D:9      | Reached skill level 8 in Summonings
  9973 | D:9      | Reached skill level 1 in Alchemy
 10495 | D:10     | Entered Level 10 of the Dungeon
 10528 | D:10     | Found a staircase to the Orcish Mines.
 10575 | D:10     | Noticed an unseen horror
 10728 | Lair:1   | Entered Level 1 of the Lair of Beasts
 10755 | Lair:1   | Reached XP level 11. HP: 81/88 MP: 17/17
 11070 | Lair:1   | Found a runed translucent door.
 11070 | Lair:1   | Found a shimmering altar of Xom.
 11070 | Lair:1   | Noticed Juexoadu's ghost (journeyman BaFi)
 11071 | Lair:1   | Noticed a +2 hand axe of chaos
 11276 | Lair:1   | Reached skill level 9 in Summonings
 12099 | Lair:2   | Noticed a manticore
 12099 | Lair:2   | Found a staircase to the Shoals.
 12119 | Lair:2   | Killed a manticore
 12121 | Lair:2   | Noticed a seven-headed hydra
 12137 | Lair:2   | Killed a seven-headed hydra
 12235 | Lair:2   | Noticed an eight-headed hydra
 12262 | Lair:2   | Killed an eight-headed hydra
 12263 | Lair:2   | Reached XP level 12. HP: 35/96 MP: 18/18
 12384 | Lair:2   | Noticed a skyshark
 12400 | Lair:2   | Killed a skyshark
 12486 | Lair:2   | Reached skill level 5 in Alchemy
 12496 | Lair:2   | Reached skill level 10 in Dodging
 13220 | Lair:3   | Reached skill level 10 in Summonings
 13702 | D:6      | Bought the Commentary on the Escort for 132 gold pieces
 13709 | D:6      | Learned a level 5 spell: Summon Forest
 13880 | Lair:2   | Reached skill level 1 in Translocations
 13911 | Lair:2   | Reached skill level 1 in Fighting
 13969 | Lair:3   | Reached skill level 10 in Air Magic
 14651 | Lair:3   | Found a staircase to the Snake Pit.
 15376 | Lair:4   | Noticed a death yak
 15376 | Lair:4   | Noticed a death yak
 15440 | Lair:4   | Bought a +1 robe of willpower for 203 gold pieces
 15582 | Lair:4   | Reached XP level 13. HP: 114/114 MP: 20/20
 15602 | Lair:4   | Reached skill level 5 in Spellcasting
 15776 | Lair:4   | Reached skill level 5 in Fighting
 16391 | Lair:4   | Reached skill level 11 in Summonings
 16669 | Lair:5   | Entered Level 5 of the Lair of Beasts
 16920 | Lair:5   | Reached skill level 5 in Translocations
 17055 | Lair:5   | Found a viscous altar of Jiyva.
 17057 | Lair:5   | Found a staircase to the Slime Pits.
 17564 | Lair:5   | Reached XP level 14. HP: 43/136 MP: 25/25
 19603 | D:10     | Reached skill level 12 in Summonings
 19986 | D:10     | Identified the +3 hat of Loss {Rampage rCorr Str-5 Slay+2}
 20199 | D:11     | Noticed Lodul
 20211 | D:11     | Killed Lodul
 20408 | D:11     | Found an iron altar of Okawaru.
 20750 | D:11     | Found Riob's Distillery.
 20794 | D:11     | Reached skill level 10 in Fighting
 20844 | D:11     | Bought a potion of heal wounds for 85 gold pieces
 21136 | D:12     | Learned a level 7 spell: Summon Hydra
 21244 | D:12     | Noticed Urug
 21256 | D:12     | Killed Urug
 22005 | D:12     | Identified the +3 plate armour of Polytheism {rF+ Will+}
 22517 | Snake:1  | Entered Level 1 of the Snake Pit
 22623 | Lair:3   | Learned a level 4 spell: Airstrike
 22717 | Snake:1  | Reached XP level 15. HP: 116/152 MP: 28/28
 22770 | Snake:1  | Reached skill level 10 in Spellcasting
 22864 | Snake:1  | Found Fishuova's Antique Armour Shoppe.
 22873 | Snake:1  | Found Akeass's Magic Scroll Emporium.
 22875 | Snake:1  | Found Jyirr's Jewellery Shoppe.
 22885 | Snake:1  | Bought a scroll of fog for 68 gold pieces
 22885 | Snake:1  | Bought a scroll of fog for 68 gold pieces
 22903 | Snake:1  | Found Ubemor's General Store.
 22935 | Snake:1  | Bought a potion of heal wounds for 65 gold pieces
 23347 | Snake:1  | Identified the serpent talisman "Cymafu" {rF+ MP+9 Dex-3}
 23347 | Snake:1  | Noticed Aizul
 23373 | Snake:1  | Killed Aizul
 23902 | Snake:1  | Noticed Mlioglotl
 23921 | Snake:1  | Noticed a balrug
 23931 | Snake:1  | Killed Mlioglotl
 23932 | Snake:1  | Reached skill level 13 in Summonings
 23940 | Snake:1  | HP: 6/156 [burnt (17)]
 25129 | Snake:1  | Upgraded the game from 0.32-a0-19-g28bc0835a1 to
                  | 0.32-a0-30-gefbe487952
 25133 | Snake:1  | Bought the amulet "Pyguxte Bifu" {RegenMP Int+5} for 807
                  | gold pieces
 26431 | Snake:2  | Found Valuall's Antique Armour Shoppe.
 26706 | Snake:2  | Identified a scroll of acquirement
 26706 | Snake:2  | Acquired the +0 hat of Vechub {rF+ Int+6}
 27611 | D:13     | Reached XP level 16. HP: 155/167 MP: 31/31
 29120 | D:14     | Found a gate to the Vaults.
 29762 | D:14     | Reached skill level 10 in Translocations
 29958 | D:14     | Identified the +5 war axe of Temperance {freeze, *Slow rF+
                  | rC++ Dex-3}
 30072 | D:14     | Found a glowing silver altar of Zin.
 30072 | D:14     | Found a glowing golden altar of the Shining One.
 30073 | D:14     | Found a white marble altar of Elyvilon.
 30206 | D:14     | Reached skill level 14 in Summonings
 30583 | D:14     | Found an ancient bone altar of Kikubaaqudgha.
 30596 | D:14     | Found the +3 crown of Dyrovepreva {rElec Int+2 SInv}
 30837 | D:14     | Found a runed translucent gate.
 30837 | D:14     | Noticed Koneso's ghost (journeyman DjCj)
 30838 | D:14     | Noticed a storm dragon
 30843 | D:14     | Found the +7 hand cannon "Mule" {flame, backblast, rF+}
 30903 | D:14     | Found a runed translucent gate.
 30903 | D:14     | Found a runed translucent gate.
 31008 | D:14     | Upgraded the game from 0.32-a0-30-gefbe487952 to
                  | 0.32-a0-35-gd9ff480968
 31013 | D:15     | Entered Level 15 of the Dungeon
 31341 | D:15     | Identified the +6 spear "Wieck" {drain, rC++ Will+ Dex-3
                  | Stlth+}
 31880 | D:15     | Found a staircase to the Depths.
 32173 | D:15     | Found Juolun's Self-Improvement Boutique.
 32180 | D:15     | Noticed Roxanne
 32252 | D:15     | Noticed Josephine
 32260 | D:15     | Killed Josephine
 32286 | D:15     | Noticed Kirke
 32297 | D:15     | Killed Kirke
 32460 | D:15     | Reached XP level 17. HP: 177/182 MP: 28/34
 33004 | D:15     | Killed Roxanne
 33015 | D:15     | Bought a manual of Shields for 800 gold pieces
 33436 | Orc:1    | Entered Level 1 of the Orcish Mines
 33508 | Orc:1    | Noticed Erolcha
 33522 | Orc:1    | Killed Erolcha
 33523 | Orc:1    | Reached skill level 15 in Fighting
 33523 | Orc:1    | Reached skill level 1 in Shields
 34090 | Orc:2    | Entered Level 2 of the Orcish Mines
 34135 | Orc:2    | Found a staircase to the Elven Halls.
 34481 | Orc:2    | Found Tyikk's Assorted Antiques.
 34485 | Orc:2    | Bought a scroll of identify for 50 gold pieces
 34981 | Orc:2    | Found Wesuje's Magic Scroll Shop.
 34992 | Orc:2    | Found Zucesar's General Store.
 35056 | Orc:2    | Bought a scroll of amnesia for 52 gold pieces
 35581 | Orc:2    | Found Usyususch's Jewellery Emporium.
 35581 | Orc:2    | Found Siogiate's Antique Weapon Shoppe.
 35586 | Orc:2    | Found a one-way gate leading to the halls of Pandemonium.
 35616 | Orc:2    | Bought the ring "Ybloafur" {Wiz rC+ Str+3 Int+3} for 679
                  | gold pieces
 36213 | Snake:3  | Reached skill level 5 in Shields
 36598 | Snake:3  | Reached skill level 15 in Summonings
 36770 | Snake:3  | Identified the +7 quarterstaff "Nysu" {freeze, Will+ Int+2}
 37427 | Snake:3  | Found a sacrificial altar of Ru.
 37514 | Snake:4  | Entered Level 4 of the Snake Pit
 37514 | Snake:4  | Found Qoghewk's Weapon Shop.
 38014 | Snake:4  | Reached XP level 18. HP: 168/193 MP: 2/36
 38771 | Snake:4  | Learned a level 3 spell: Ozocubu's Armour
 38878 | Snake:4  | Noticed Mara
 38905 | Snake:4  | Killed Mara
 38906 | Snake:4  | Reached skill level 1 in Ice Magic
 39070 | Snake:4  | Found Zechimae's Book Boutique.
 39196 | Snake:4  | Found Araottarch's Weapon Shop.
 39196 | Snake:4  | Found Eqeo's Weapon Boutique.
 39199 | Snake:4  | Found Qurphus's Book Shop.
 39201 | Snake:4  | Bought the Secrets of the United Wendigo for 828 gold
                  | pieces
 39509 | Snake:4  | Reached skill level 15 in Spellcasting
 40057 | Snake:4  | Got a serpentine rune of Zot
 40412 | Orc:2    | Bought a book of the Dragon for 588 gold pieces
 40559 | Shoals:1 | Entered Level 1 of the Shoals
 40638 | Shoals:1 | Reached skill level 10 in Shields
 40792 | Shoals:1 | Reached skill level 16 in Summonings
 41625 | Shoals:2 | Noticed Ilsuiw
 41894 | Shoals:2 | Reached skill level 5 in Ice Magic
 42040 | Shoals:2 | Killed Ilsuiw
 42084 | Shoals:2 | Reached XP level 19. HP: 201/201 MP: 34/38
 42166 | Shoals:2 | Found a transporter.
 42293 | Shoals:2 | Noticed Fubbytz's ghost (journeyman SpEn)
 42433 | Shoals:2 | Noticed Louise
 42439 | Shoals:2 | Found a transporter.
 42440 | Shoals:2 | Killed Louise
 43039 | Shoals:3 | Noticed Nikola
 43174 | Shoals:3 | Reached skill level 1 in Polearms
 43809 | Shoals:3 | Found Ciamawn's Antique Armour Shop.
 43962 | Shoals:3 | Killed Nikola
 44238 | Shoals:4 | Entered Level 4 of the Shoals
 44247 | Shoals:4 | Paralysed by an air elemental for 1 turns
 44310 | Shoals:4 | Paralysed by an air elemental for 1 turns
 44314 | Shoals:3 | Paralysed by an air elemental for 1 turns
 44322 | Shoals:3 | Paralysed by an air elemental for 1 turns
 44538 | Shoals:4 | Found a stormy altar of Qazlal.
 45380 | Shoals:4 | HP: 4/201 [water nymph/the raging water (22)]
 45382 | Shoals:4 | Killed from afar by a water nymph

Illustrated notes

Levels and vault maps discovered:
D:1:      dpeg_arrival_round_b, layout_loops_ring, serial_shops, shop
D:2:      layout_basic, minivault_14, uniq_terence
D:3:      layout_basic, mainiacjoe_overflow_paths, lemuel_crystal_altar,
          uniq_sigmund
D:4:      layout_loops_corners, mainiacjoe_overflow_six_doors_small,
          nicolae_hepliaklqana_monster_ancestors, minitemple
D:5:      layout_loops_ring, temple_statues, serial_demonic, serial_demonic_f,
          serial_demonic_c, serial_demonic_d, serial_demonic_a,
          serial_demonic_e, serial_demonic_d, kennysheep_nub,
          uniq_crazy_yiuf_cottage
D:6:      layout_basic, nicolae_shop_i_like_small_books_too
D:7:      layout_loops_corners
D:8:      layout_basic, minmay_lair_entry_grove, enter_bailey_1,
          gammafunk_ghost_nasty_kobolds
D:9:      layout_basic, st_stairs_10
D:10:     layout_basic, david_orc_2, hangedman_minor_magic
D:11:     layout_irregular_city, serial_shops, nicolae_shop_tiny_statue_garden,
          gauntlet_entry_generic, okawaru_gym_becter, uniq_lodul
D:12:     layout_irregular_city, uniq_urug
D:13:     layout_basic, serial_shops, bzr_entry_gold,
          serial_library_hellmonk_room_b
D:14:     lemuel_vampire_tower, layout_long_grid,
          skrybe_vaults_entry_preservation, good_gods_mini_temple,
          gammafunk_ghost_split
D:15:     hellmonk_depths_entry_around_the_bend, layout_loops_ring,
          chequers_serial_rivers_micro_a, nicolae_shop_self_help,
          uniq_josephine, uniq_roxanne, uniq_kirke
Temple:   nicolae_temple_bog_church
Lair:1:   layout_cave_pods, ebering_ghost_xom
Lair:2:   layout_gridlike, minmay_shoals_entry_beasts, minmay_shattered_shrine,
          lemuel_fruit_tree
Lair:3:   layout_small_grid, dummy_snake_entry, chequers_serial_rivers_micro_d
Lair:4:   layout_gridlike
Lair:5:   grunt_lair_end_beastmaster, layout_regular_city, slime_entry_1,
          hangedman_lair_generics_rect
Shoals:1: layout_shoals
Shoals:2: layout_shoals, gammafunk_ghost_berserking_beasts, uniq_ilsuiw,
          uniq_louise
Shoals:3: layout_shoals, nicolae_take_the_stairs, nicolae_shoals_hunting_party,
          uniq_nikola
Shoals:4: shoals_end_hellmonk_storm_palace [storm_palace_center_circular,
          storm_palace_corner_altar, storm_palace_corner_narrow,
          storm_palace_corner_blocked, storm_palace_corner_altar]
Snake:1:  layout_grid_maze, serial_shops, shop, grunt_ministairs_13,
          nicolae_snake_biting_tails, minmay_shop_star, serial_bayou_shore_b,
          serial_bayou_shore_b, uniq_mlioglotl, uniq_aizul
Snake:2:  layout_misc_corridors, serial_shops, shop, nicolae_triple_integral
Snake:3:  layout_misc_corridors, basic_altar, nicolae_snake_snakes_in_the_grass
Snake:4:  grunt_snake_rune_pools, layout_cave_pods, serial_shops,
          nicolae_shop_tiny_statue_garden, grunt_megastairs_4, minmay_shoptagon,
          uniq_mara
Orc:1:    layout_caves, nicolae_orc_bridge_out, uniq_erolcha
Orc:2:    pf_orc_diabolical, layout_caves, serial_shops,
          nicolae_shop_back_alley_shop

Skill      XL: |  1  2  3  4  5  6  7  8  9 10 11 12 13 14 15 16 17 18 19 |
---------------+----------------------------------------------------------+-----
Conjurations   | 1 2 3 |  3.5
Dodging        | 2 3 4 5 7 8 9 10 | 10.4
Spellcasting   | 4 7 9 11 13 14 15 | 15.2
Summonings     | 1 2 3 5 6 8 9 10 11 12 13 14 15 16 | 16.9
Air Magic      | 1 2 3 4 6 8 9 10 | 10.1
Alchemy        | 1 4 6 |  6.4
Translocations | 2 5 7 9 10 11 12 | 12.0
Fighting       | 3 8 10 12 14 15 | 15.0
Shields        | 7 11 13 | 13.1
Ice Magic      | 5 6 |  6.0
Polearms       | 4 |  4.7
Stealth        | |  1.4

Action                     |  1- 3 |  4- 6 |  7- 9 | 10-12 | 13-15 | 16-18 | 19-21 || total
---------------------------+-------+-------+-------+-------+-------+-------+-------++-------
  Melee: Club              |     2 |       |       |       |       |       |       ||     2
         Trident           |    10 |    92 |   218 |   312 |   377 |    63 |       ||  1072
         Headbutt          |     1 |     6 |    17 |    43 |    96 |    68 |    28 ||   259
         Punch             |       |       |     5 |       |     6 |       |       ||    11
         Shillelagh        |       |       |       |       |    27 |       |       ||    27
         Spear             |       |       |       |       |       |   307 |   187 ||   494
   Cast: Magic Dart        |    81 |    94 |    42 |       |       |       |       ||   217
         Call Imp          |     2 |    19 |    27 |     9 |       |       |       ||    57
         Summon Lightning  |       |       |    12 |    79 |   149 |   150 |    29 ||   419
         Mephitic Cloud    |       |       |       |    24 |    18 |     3 |       ||    45
         Summon Forest     |       |       |       |       |    34 |    42 |     9 ||    85
         Airstrike         |       |       |       |       |    11 |     3 |       ||    14
         Summon Hydra      |       |       |       |       |     6 |    92 |    51 ||   149
         Ozocubu's Armour  |       |       |       |       |       |     2 |       ||     2
 Invoke: Call Merchant     |       |       |       |     1 |     1 |       |       ||     2
  Evoke: Wand              |     3 |     2 |     5 |    20 |    34 |    11 |     3 ||    78
         Lightning rod     |       |       |       |       |     8 |    12 |       ||    20
         Sack of spiders   |       |       |       |       |       |     2 |     1 ||     3
    Use: Scroll            |       |     4 |     3 |     9 |    15 |     8 |     2 ||    41
         Potion            |       |       |       |     2 |     6 |     6 |     5 ||    19
   Stab: Sleeping          |       |       |     2 |     2 |       |       |       ||     4
         Distracted        |       |       |     4 |     2 |    11 |    10 |     3 ||    30
         Invisible         |       |       |     1 |       |     2 |     1 |       ||     4
         Confused          |       |       |       |     4 |     4 |       |       ||     8
         Petrified         |       |       |       |       |     4 |       |       ||     4
 Armour: Robe              |    22 |    74 |   106 |   292 |   431 |   437 |   171 ||  1533
  Dodge: Dodged            |    20 |    82 |   183 |   253 |   429 |   340 |    90 ||  1397
  Block: Kite shield       |       |       |       |       |       |   104 |       ||   104
         Tower shield      |       |       |       |       |       |    90 |   204 ||   294

Table legend: (Time is in decaauts)
 A = Elapsed time spent in this place.
 B = Non-inter-level travel time spent in this place.
 C = Inter-level travel time spent in this place.
 D = Time resting spent in this place.
 E = Time spent auto-exploring this place.
 F = Levels seen in this place.
 G = Mean time per level.
                   A        B        C        D        E       F      G
               +--------+--------+--------+--------+--------+-----+--------+
         Total |  45886 |  42007 |   3879 |   6325 |  22881 |  31 | 1480.2 |
       Dungeon |  20717 |  18797 |   1920 |   1880 |  11536 |  15 | 1381.1 |
        Temple |     25 |      7 |     18 |      0 |      0 |   1 |   25.0 |
          Lair |   8866 |   7860 |   1006 |    776 |   4928 |   5 | 1773.2 |
        Shoals |   4882 |   4608 |    274 |   1222 |   1447 |   4 | 1220.5 |
     Snake Pit |   8778 |   8389 |    389 |   1907 |   3943 |   4 | 2194.5 |
  Orcish Mines |   2615 |   2344 |    271 |    540 |   1027 |   2 | 1307.5 |
               +--------+--------+--------+--------+--------+-----+--------+

Top non-repeatable levels by time:
 Snake:4: 2662 daAuts
    D:14: 2543 daAuts
 Snake:1: 2519 daAuts
 Snake:2: 2307 daAuts
  Lair:5: 2077 daAuts
     D:8: 2065 daAuts
  Lair:3: 2037 daAuts
    D:15: 2000 daAuts
  Lair:1: 1838 daAuts
Shoals:3: 1742 daAuts
Shoals:2: 1618 daAuts
  Lair:2: 1584 daAuts
    D:10: 1576 daAuts
   Orc:2: 1499 daAuts
     D:9: 1333 daAuts
